 Dungeon Crawl Stone Soup version 0.27.0-1-g7a08968 (webtiles) character file.

Game seed: 4139945293798832413

84 Illumine the Ruffian (level 4, 0/45 HPs)
             Began as a Troll Monk on Aug 27, 2021.
             Slain by Sigmund (11 damage)
             ... on level 3 of the Dungeon.
             The game lasted 00:02:31 (1493 turns).

Illumine the Ruffian (Troll Monk)                   Turns: 1493, Time: 00:02:32

Health: 0/45       AC:  4    Str: 19    XL:     4   Next: 23%
Magic:  3/3        EV: 10    Int:  7    God:
Gold:   78         SH:  0    Dex: 12    Spells: 3/3 levels left

rFire    . . .     SeeInvis .     - Unarmed
rCold    . . .     Faith    .   (no shield)
rNeg     . . .     Spirit   .   a - +0 robe
rPois    .         Reflect  .   (helmet restricted)
rElec    .         Harm     .   (no cloak)
rCorr    .         Rampage  .   (gloves unavailable)
Will     .....                  (boots unavailable)
Stlth    +.........             (no amulet)
HPRegen  1.15/turn              (no ring)
MPRegen  0.08/turn              (no ring)

@: silenced
A: large, unfitting armour, claws 3, regeneration 1, shaggy fur 1, tough skin 1
a: no special abilities


You were on level 3 of the Dungeon.
You visited 1 branch of the dungeon, and saw 3 of its levels.

You collected 78 gold pieces.

Inventory:

Missiles
 b - 82 stones (quivered)
Armour
 a - a +0 robe (worn)
 o - a +0 cloak
Scrolls
 d - a scroll of acquirement {unknown}
 f - 2 scrolls of amnesia
 g - a scroll of fog
 h - a scroll of teleportation
 j - a scroll of enchant armour {unknown}
 k - a scroll of noise
 l - a scroll of identify
 m - a scroll of immolation {unknown}
 n - a scroll of blinking {unknown}
Potions
 i - 2 potions of brilliance


   Skills:
 + Level 3.1 Fighting
 - Level 2.4 Dodging
 - Level 1.0 Stealth
 * Level 4.5 Unarmed Combat


You had 3 spell levels left.
You didn't know any spells.
Your spell library contained the following spells:

 Spells                   Type           Power      Damage    Failure   Level
 Corona                   Hex            0%         N/A       43%         1
 Summon Forest            Summ/Tloc      0%         N/A       100%        5
 Summon Mana Viper        Hex/Summ       0%         N/A       100%        5
 Shadow Creatures         Summ           N/A        N/A       100%        6


Dungeon Overview and Level Annotations

Branches:
Dungeon (3/15)

Altars:
Yredelemnul

Annotations:
D:3 Sigmund


Innate Abilities, Weirdness & Mutations

You are too large for most types of armour.
You have claws for hands.
Your natural rate of healing is unusually fast.
You are covered in fur. (AC +1)
You have tough skin. (AC +1)


Message History

Aim: Sigmund, wielding a +0 scythe, wearing a +0 robe and carrying a wand of flame (8) (53% to hit, chance to frenzy on hit: 75%)
You throw a datura-tipped dart.
The datura-tipped dart closely misses Sigmund.
Sigmund completely misses you.
Throw: 83 stones
Press: ? - help, Q - select action Shift-Dir - straight line, f/p - Sigmund
Aim: Sigmund, wielding a +0 scythe, wearing a +0 robe and carrying a wand of flame (8) (53% to hit)
You throw a stone.
The stone hits Sigmund but does no damage.
Sigmund barely misses you.
As you read the scroll of silence, it crumbles to dust.
A profound silence engulfs you. Sigmund barely misses you.
Sigmund zaps a wand.
The puff of flame hits you!
You scratch Sigmund.
Sigmund is lightly wounded.
Sigmund hits you with a +0 scythe!
You scratch Sigmund but do no damage.
Sigmund is lightly wounded.
Sigmund hits you with a +0 scythe.
You claw Sigmund!
Sigmund is moderately wounded.
Sigmund zaps a wand.
The puff of flame hits you.
You claw Sigmund!
Sigmund is severely wounded.
Sigmund hits you with a +0 scythe!
You claw Sigmund!
Sigmund is almost dead.
Sigmund drinks a potion.
Sigmund is healed!
You barely miss Sigmund.
Sigmund zaps a wand.
The puff of flame misses you.
You closely miss Sigmund. Sigmund barely misses you.
You closely miss Sigmund. Your claw misses Sigmund. Sigmund closely misses you.
You closely miss Sigmund.
Sigmund zaps a wand.
The puff of flame misses you.
You scratch Sigmund but do no damage. Sigmund hits you with a +0 scythe!
You barely miss Sigmund. You scratch Sigmund but do no damage.
Sigmund hits you with a +0 scythe.
* * * LOW HITPOINT WARNING * * *
You scratch Sigmund.
Sigmund is lightly wounded.
Sigmund hits you with a +0 scythe!
You die...

# ♣+♣♣♣+♣ ♣.....♣
.. ..# ♣.≈≈§.♣
##.##.# #
♣$....♣##...#.#
+.._..+.#.#.#.# #
♣.....♣.....#.# ##
♣.≈≈≈.♣##.#.#.# ##.
♣.@@((♣.....).###..
♣+♣♣♣(♣.........'..
#..........###..
#.#.##.#.#.# ##.
#.#.#..###.# ##
..#........# #
######)######
#.........#
#.###.###.#


You could see Sigmund.

Vanquished Creatures
  3 adders (D:2)
  An ufetubus (D:3)
  A worm (D:2)
  A dart slug (D:2)
  An orc (D:3)
  6 ball pythons
  3 endoplasms
  3 giant cockroaches
  5 goblins
  2 hobgoblins (D:2)
  6 bats
  3 frilled lizards (D:2)
  6 kobolds
  5 rats
46 creatures vanquished.

Notes
Turn   | Place    | Note
-------+----------+-------------------------------------------
     0 | D:1      | Illumine the Troll Monk began the quest for the Orb.
     0 | D:1      | Reached XP level 1. HP: 22/22 MP: 0/0
   264 | D:1      | Reached XP level 2. HP: 29/29 MP: 1/1
   618 | D:2      | Reached XP level 3. HP: 36/36 MP: 2/2
   641 | D:2      | Reached skill level 4 in Unarmed Combat
   935 | D:2      | Found a faded altar of an unknown god.
   945 | D:2      | Got Plato's Grimoire of the Oath
  1068 | D:2      | Reached XP level 4. HP: 45/45 MP: 3/3
  1421 | D:3      | Found a basalt altar of Yredelemnul.
  1421 | D:3      | Noticed Sigmund
  1493 | D:3      | Slain by Sigmund

Illustrated notes

Levels and vault maps discovered:
D:1:      scummos_arrival_forest, layout_loops_cross
D:2:      layout_rooms, shapermc_ecumenical_altar_rom_forum,
          hangedman_decor_points
D:3:      layout_loops_corners, mainiacjoe_overflow_six_doors_small,
          minmay_fountain_box, uniq_sigmund

Skill      XL: |  1  2  3 |
---------------+----------+-----
Unarmed Combat | 4 |  4.5
Fighting       | 3 |  3.1
Dodging        | |  2.4
Stealth        | |  1.0

Action                   |  1- 3 |  4- 6 || total
-------------------------+-------+-------++-------
Melee: Unarmed           |   106 |    32 ||   138
Throw: Dart              |       |     4 ||     4
       Stone             |       |     1 ||     1
  Use: Scroll            |       |     7 ||     7
 Stab: Sleeping          |     3 |       ||     3
Armor: Robe              |    48 |    10 ||    58
Dodge: Dodged            |    55 |    10 ||    65
